 Dungeon Crawl Stone Soup version 0.29.1-15-g9cfb28693d (webtiles) character file.

Game seed: 9058197190085636272

32 dudediamond6 the Sneak (level 3, -5/24 HPs)
             Began as an Octopode Brigand on Feb 24, 2023.
             Slain by a gnoll
             ... wielding a +0 whip
              (6 damage)
             ... on level 2 of the Dungeon.
             The game lasted 00:02:15 (1000 turns).

dudediamond6 the Sneak (Octopode Brigand)           Turns: 1000, Time: 00:02:15

Health: -5/24      AC:  1    Str: 10    XL:     3   Next: 25%
Magic:  3/3        EV: 12    Int: 13    God:
Gold:   62         SH:  0    Dex: 15    Spells: 2/2 levels left

rFire   . . .      SeeInvis .   a - +2 dagger
rCold   . . .      Faith    .   (no shield)
rNeg    . . .      Spirit   .   (helmet restricted)
rPois   .          Reflect  .   (no amulet)
rElec   .          Harm     .   (no ring)
rCorr   .          Rampage  .   (no ring)
Will    .....                   (no ring)
Stlth   ++++......              (no ring)
HPRegen 0.08/turn               (no ring)
MPRegen 0.08/turn               (no ring)
                                (no ring)
                                (no ring)

@: no status effects
A: almost no armour, amphibious, 8 rings, camouflage 1, gelatinous body 1,
(nimble swimmer 1), tentacles
a: no special abilities


You were on level 2 of the Dungeon.
You visited 1 branch of the dungeon, and saw 2 of its levels.

You collected 62 gold pieces.

Inventory:

Hand Weapons
 a - a +2 dagger (weapon)
Missiles
 b - 9 poisoned darts (quivered)
 c - 3 curare-tipped darts
Scrolls
 e - a scroll of fear {unknown}
Potions
 d - a potion of magic {unknown}
 f - a potion of brilliance {unknown}


   Skills:
 * Level 2.2 Fighting
 * Level 2.5 Short Blades
 - Level 2.0 Throwing
 - Level 1.0 Dodging
 + Level 6.3 Stealth


You had 2 spell levels left.
You didn't know any spells.
Your spell library contained the following spells:

 Spells                   Type           Power      Damage    Failure   Level
 Tukima's Dance           Hex            0%         N/A       67%         3
 Passage of Golubria      Tloc           0%         N/A       97%         4
 Irradiate                Conj/Tmut      0%         3d11      100%        5
 Yara's Violent Unravell  Hex/Tmut       0%         3d3       100%        5
 Statue Form              Tmut/Erth      0%         N/A       100%        6
 Necromutation            Tmut/Necr      0%         N/A       100%        8


Dungeon Overview and Level Annotations

Branches:
Dungeon (2/15)

Altars:


Innate Abilities, Weirdness & Mutations

You cannot wear most types of armour.
You are amphibious.
You can wear up to eight rings at the same time.
Your skin changes colour to match your surroundings (Stealth+).
Your rubbery body absorbs attacks. (AC +1, EV +1)
((You are camouflaged when in or above water. (Stealth+)))
You have tentacles for arms and can constrict up to eight enemies at once.


Message History

The worm completely misses you.
You hit the worm. Your grab misses the worm. You squeeze the worm!
The worm is severely wounded.
You hit the worm. You grab the worm.
The worm is almost dead.
You constrict the worm. The worm bites you!
Ouch! That really hurt!
You are too injured to fight recklessly!
You are too injured to fight recklessly!
You are too injured to fight recklessly!
You hit the worm.
You kill the worm!
The gnoll shouts!
You hear a shout!
The gnoll throws a throwing net.
The throwing net hits you.
You become entangled in the net!
A gnoll comes into view. It is wielding a +0 whip.
You see here a throwing net.
You struggle against the net.
You tear a large gash into the net.
You rip the net and break free!
A gnoll comes into view. It is wielding a +0 flail.
A kobold comes into view. It is wielding a +0 whip.
The helpless kobold fails to defend itself.
You impale the kobold!!
You kill the kobold!
Things that are here:
a +0 whip; 5 stones; a kobold corpse The gnoll closely misses you.
The gnoll attacks as you move away! The gnoll hits you with a +0 whip.
The gnoll attacks as you move away! The gnoll closely misses you.
You hit the gnoll. Your grab misses the gnoll.
The gnoll is moderately wounded.
You hit the gnoll. You grab the gnoll.
The gnoll is heavily wounded.
You constrict the gnoll. The gnoll hits you with a +0 whip!
* * * LOW HITPOINT WARNING * * *
You release your grip on the gnoll.
The gnoll attacks as you move away! The gnoll misses you.
The gnoll attacks as you move away! The gnoll hits you with a +0 whip.
You die...

#. #.# #. #.##.#
##.## #.##.# # ...#
#.##.# #.##..###.##.#
........##.## #..#
#.#...######
####..###...#g.g...#
##...(.....@g..####.#
##...#.##...##.## #.#
#####......##..###.#
#g# ......~~...##..#
#.# #.#
#####.~⌠~..##..# #.#
#g# #..~..###..#
#.#####.# #.....#
#..# #.......#
###.### #..#
#######.# #.#
#.......# ##.#


You could see 3 gnolls.

Vanquished Creatures
  A worm (D:2)
  A dart slug (D:1)
  6 ball pythons
  3 bats
  2 endoplasms
  2 hobgoblins (D:1)
  3 jackals (D:1)
  A frilled lizard (D:1)
  A goblin (D:1)
  3 kobolds
  3 rats (D:1)
26 creatures vanquished.

Notes
Turn   | Place    | Note
-------+----------+-------------------------------------------
     0 | D:1      | dudediamond6 the Octopode Brigand began the quest for the
                  | Orb.
     0 | D:1      | Reached XP level 1. HP: 14/14 MP: 1/1
   294 | D:1      | Reached XP level 2. HP: 18/19 MP: 2/2
   486 | D:1      | Reached skill level 6 in Stealth
   752 | D:1      | Got Sif Muna's Lectures on Moulding
   907 | D:2      | Reached XP level 3. HP: 24/24 MP: 3/3
   994 | D:2      | HP: 1/24 [gnoll/+0 whip (9)]
  1000 | D:2      | Slain by a gnoll

Illustrated notes

Levels and vault maps discovered:
D:1:      co_arrival_random_square_maze, layout_rooms
D:2:      layout_loops_ring, shapermc_ecumenical_altar_petra,
          corexii_leaking_fountain

Skill      XL: |  1  2 |
---------------+-------+-----
Stealth        | 6 |  6.3
Fighting       | |  2.2
Short Blades   | |  2.5
Throwing       | |  2.0
Dodging        | |  1.0

Action                   || total
-------------------------++-------
Melee: Dagger            ||    55
       Constrict         ||    12
       Tentacles         ||     8
 Stab: Sleeping          ||     9
Armor: Skin              ||     3
Dodge: Dodged            ||    25
